[ AOE2 MATCH · #505965663 ]
UnrankedKoreans vs Celts
Player's team · WIN
Rival team · LOSS
[ REPLAY ANALYSIS · EXTRACTED FROM THE RECORDED GAME ]
Feudal
11:55
Castle
23:32
Imperial
—
| APM avg | 39.2 |
| APM peak | 69 |
| eAPM avg | 21.5 |
| Villagers / military | 71 / 13 |
Focus
⚔️ 29.6% · 🌾 70.4%
Iron Pagoda ×7 · Fire Lancer ×6
Feudal
11:11
Castle
16:06
Imperial
—
| APM avg | 32.0 |
| APM peak | 66 |
| eAPM avg | 16.6 |
| Villagers / military | 25 / 19 |
Focus
⚔️ 25.8% · 🌾 74.2%
Scorpion ×14 · Battering Ram ×3 · Mangonel ×2
Match map
Initial resources + every placement click. Lines = walls · curves = elevation contours. ◆ gold · ⬟ stone · ● berries · ✦ relic · ◌ wall gap
Your base· ✓ Closed at 23:32 · 13t walls · 1 gate(s)
Medusinnn's base· ✓ Closed at 16:06 · 9t walls · no gate
Smoothed initial terrain · ◌ = detected wall gap · hover for details
Inputs per minute
— Post Nut Clarity - - Medusinnn
Build order — Post Nut Clarity
First 150 of 155 actions detected
| 0:03 | Build | House |
| 0:04 | Queue | Villager (Male) |
| 0:04 | Queue | Villager (Male) |
| 0:05 | Build | House |
| 0:06 | Queue | Villager (Male) |
| 0:06 | Queue | Villager (Male) |
| 0:06 | Queue | Villager (Male) |
| 0:34 | Research | Loom |
| 0:35 | Queue | Villager (Male) |
| 0:35 | Queue | Villager (Male) |
| 0:36 | Queue | Villager (Male) |
| 1:43 | Queue | Villager (Male) |
| 2:01 | Build | Palisade Wall |
| 2:28 | Build | Palisade Gate |
| 2:37 | Queue | Villager (Male) |
| 2:56 | Queue | Villager (Male) |
| 3:06 | Build | House |
| 3:33 | Queue | Villager (Male) |
| 3:50 | Build | House |
| 3:54 | Queue | Villager (Male) |
| 4:33 | Queue | Villager (Male) |
| 4:38 | Build | Lumber Camp |
| 4:57 | Queue | Villager (Male) |
| 4:57 | Queue | Villager (Male) |
| 5:26 | Queue | Villager (Male) |
| 6:00 | Queue | Villager (Male) |
| 6:36 | Queue | Villager (Male) |
| 7:03 | Queue | Villager (Male) |
| 7:04 | Queue | Villager (Male) |
| 7:32 | Queue | Villager (Male) |
| 7:55 | Queue | Villager (Male) |
| 7:57 | Queue | Villager (Male) |
| 8:02 | Build | Mill |
| 8:33 | Queue | Villager (Male) |
| 9:17 | Queue | Villager (Male) |
| 9:45 | Research | Feudal Age |
| 9:51 | Build | Mining Camp |
| 10:53 | Build | Lumber Camp |
| 10:57 | Queue | Villager (Male) |
| 10:57 | Queue | Villager (Male) |
| 11:07 | Build | House |
| 11:09 | Build | House |
| 11:10 | Build | House |
| 11:10 | Build | House |
| 11:55 | Age | Feudal Age |
| 12:07 | Build | Watch Tower |
| 12:14 | Queue | Villager (Male) |
| 12:43 | Queue | Villager (Male) |
| 12:50 | Build | Blacksmith |
| 13:05 | Research | Double-Bit Axe |
| 13:20 | Build | Market |
| 13:38 | Build | Watch Tower |
| 13:41 | Build | Mining Camp |
| 13:42 | Queue | Villager (Male) |
| 14:06 | Queue | Villager (Male) |
| 14:09 | Build | Farm |
| 14:26 | Build | Watch Tower |
| 14:29 | Queue | Villager (Male) |
| 14:35 | Build | Farm |
| 14:53 | Queue | Villager (Male) |
| 14:53 | Queue | Villager (Male) |
| 14:59 | Build | Farm |
| 15:19 | Build | Watch Tower |
| 15:21 | Queue | Villager (Male) |
| 15:24 | Build | Farm |
| 15:41 | Build | Watch Tower |
| 15:43 | Queue | Villager (Male) |
| 15:48 | Build | House |
| 15:50 | Build | Stone Wall |
| 15:52 | Build | Stone Wall |
| 15:54 | Build | Stone Wall |
| 16:04 | Queue | Villager (Male) |
| 16:05 | Build | Farm |
| 16:12 | Research | Fletching |
| 16:15 | Build | Farm |
| 16:20 | Queue | Villager (Male) |
| 16:20 | Queue | Villager (Male) |
| 16:48 | Build | Watch Tower |
| 16:51 | Queue | Villager (Male) |
| 16:52 | Build | Farm |
| 17:07 | Queue | Villager (Male) |
| 17:19 | Build | Farm |
| 17:26 | Queue | Villager (Male) |
| 17:37 | Build | Watch Tower |
| 17:44 | Build | Farm |
| 17:46 | Queue | Villager (Male) |
| 18:41 | Queue | Villager (Male) |
| 18:42 | Build | Farm |
| 18:44 | Build | Farm |
| 19:10 | Build | Watch Tower |
| 19:15 | Build | Watch Tower |
| 19:16 | Queue | Villager (Male) |
| 19:18 | Build | Farm |
| 19:19 | Queue | Villager (Male) |
| 20:12 | Queue | Villager (Male) |
| 20:14 | Build | Farm |
| 20:15 | Build | Farm |
| 20:21 | Build | Mining Camp |
| 20:46 | Queue | Villager (Male) |
| 20:47 | Build | Farm |
| 20:52 | Research | Castle Age |
| 20:53 | Research | Castle Age |
| 21:00 | Build | Watch Tower |
| 22:24 | Build | Barracks |
| 23:17 | Research | Wheelbarrow |
| 23:32 | Age | Castle Age |
| 23:44 | Research | Bodkin Arrow |
| 23:50 | Research | Bow Saw |
| 23:51 | Research | Gold Mining |
| 24:04 | Queue | Fire Lancer |
| 24:04 | Queue | Fire Lancer |
| 24:04 | Queue | Fire Lancer |
| 24:06 | Queue | Fire Lancer |
| 24:57 | Queue | Villager (Male) |
| 24:57 | Queue | Villager (Male) |
| 24:57 | Queue | Villager (Male) |
| 24:57 | Queue | Villager (Male) |
| 24:58 | Queue | Villager (Male) |
| 24:59 | Queue | Villager (Male) |
| 25:03 | Research | Town Watch |
| 25:03 | Queue | Villager (Male) |
| 25:04 | Queue | Villager (Male) |
| 25:04 | Queue | Villager (Male) |
| 25:20 | Queue | Fire Lancer |
| 25:29 | Build | Siege Workshop |
| 25:38 | Queue | Fire Lancer |
| 25:47 | Build | Castle |
| 25:54 | Queue | Villager (Male) |
| 25:57 | Research | Horse Collar |
| 26:00 | Research | Stone Mining |
| 26:37 | Build | University |
| 27:02 | Queue | Villager (Male) |
| 27:17 | Build | Mining Camp |
| 27:25 | Queue | Villager (Male) |
| 27:29 | Queue | Iron Pagoda |
| 27:52 | Queue | Iron Pagoda |
| 28:05 | Build | Watch Tower |
| 28:23 | Queue | Iron Pagoda |
| 28:40 | Queue | Villager (Male) |
| 28:40 | Queue | Villager (Male) |
| 28:40 | Queue | Villager (Male) |
| 28:42 | Queue | Villager (Male) |
| 29:05 | Build | Watch Tower |
| 29:10 | Queue | Iron Pagoda |
| 29:11 | Queue | Villager (Male) |
| 29:52 | Queue | Iron Pagoda |
| 30:15 | Build | Watch Tower |
| 30:18 | Queue | Villager (Male) |
| 30:21 | Queue | Villager (Male) |
| 30:22 | Queue | Villager (Male) |
Build order — Medusinnn
64 actions detected in the replay
| 0:00 | Queue | Villager (Male) |
| 0:01 | Queue | Villager (Male) |
| 0:03 | Build | House |
| 0:04 | Build | House |
| 0:37 | Queue | Villager (Male) |
| 0:50 | Build | Palisade Wall |
| 0:58 | Queue | Villager (Male) |
| 2:19 | Queue | Villager (Male) |
| 2:19 | Queue | Villager (Male) |
| 2:19 | Queue | Villager (Male) |
| 3:22 | Queue | Villager (Male) |
| 3:22 | Queue | Villager (Male) |
| 3:22 | Queue | Villager (Male) |
| 4:19 | Queue | Villager (Male) |
| 4:19 | Queue | Villager (Male) |
| 4:20 | Queue | Villager (Male) |
| 4:20 | Queue | Villager (Male) |
| 4:44 | Build | Lumber Camp |
| 4:59 | Queue | Villager (Male) |
| 5:22 | Research | Loom |
| 5:27 | Build | House |
| 5:34 | Queue | Villager (Male) |
| 5:51 | Queue | Villager (Male) |
| 6:08 | Queue | Villager (Male) |
| 6:29 | Queue | Villager (Male) |
| 7:02 | Queue | Villager (Male) |
| 7:45 | Build | Mill |
| 8:28 | Queue | Villager (Male) |
| 8:30 | Queue | Villager (Male) |
| 9:01 | Research | Feudal Age |
| 9:59 | Build | Palisade Wall |
| 10:38 | Queue | Villager (Male) |
| 11:11 | Age | Feudal Age |
| 11:16 | Build | Market |
| 11:40 | Queue | Villager (Male) |
| 12:50 | Build | Blacksmith |
| 13:19 | Build | House |
| 13:26 | Research | Castle Age |
| 14:42 | Build | Mining Camp |
| 15:19 | Queue | Villager (Male) |
| 16:06 | Age | Castle Age |
| 16:11 | Build | Siege Workshop |
| 16:26 | Build | Siege Workshop |
| 17:14 | Queue | Battering Ram |
| 17:25 | Queue | Scorpion |
| 17:28 | Build | House |
| 18:08 | Queue | Scorpion |
| 19:09 | Queue | Battering Ram |
| 20:01 | Queue | Scorpion |
| 20:08 | Build | House |
| 20:54 | Queue | Scorpion |
| 22:00 | Queue | Scorpion |
| 22:00 | Queue | Scorpion |
| 23:10 | Queue | Scorpion |
| 24:30 | Queue | Scorpion |
| 26:35 | Queue | Scorpion |
| 26:35 | Queue | Scorpion |
| 26:52 | Queue | Battering Ram |
| 27:19 | Queue | Scorpion |
| 27:43 | Queue | Scorpion |
| 27:43 | Queue | Scorpion |
| 28:44 | Queue | Mangonel |
| 29:04 | Queue | Scorpion |
| 29:52 | Queue | Mangonel |
Match timeline
| 0:50 | Medusinnn · wall_segment Palisade Wall x8 |
| 2:01 | Post Nut Clarity · wall_segment Palisade Wall x10 |
| 9:59 | Medusinnn · wall_segment Palisade Wall x1 |
| 11:11 | Medusinnn · age_up feudal |
| 11:55 | Post Nut Clarity · age_up feudal |
| 12:28 | Medusinnn · first_market_sell 100 stone |
| 15:50 | Post Nut Clarity · wall_segment Stone Wall x1 |
| 15:52 | Post Nut Clarity · wall_segment Stone Wall x1 |
| 15:54 | Post Nut Clarity · wall_segment Stone Wall x1 |
| 16:06 | Medusinnn · age_up castle |
| 16:11 | Medusinnn · first_building Siege Workshop |
| 17:10 | Post Nut Clarity · first_market_sell 100 wood |
| 17:22 | Medusinnn · first_market_buy 100 wood |
| 19:22 | Post Nut Clarity · first_market_buy 100 food |
| 22:24 | Post Nut Clarity · first_building Barracks |
| 23:32 | Post Nut Clarity · age_up castle |
| 25:29 | Post Nut Clarity · first_building Siege Workshop |
| 25:47 | Post Nut Clarity · first_building Castle |
| 30:48 | Medusinnn · resign |
[ AI ANALYSIS · 1 CREDIT ]
What really happened in this match?
Wolo.gg analyzes every decision: build order, eco, micro, common mistakes by bracket. Personalized analysis on WhatsApp or Discord in 30 seconds.
Civ guide
Koreans
Perfil
Jugador #2740170